Map: Ruins of Seras

Players

RayReign - Winner!

  • Race: Protoss Protoss
  • League: Diamond

SolaCe (Nina)

  • Race: Protoss Protoss
  • League: Diamond

Event: ASL Season 5 Prime League LOTV Beta

VOD

Have the link to the VOD?

Description

Time

  • Played on: Sept. 19, 2015, 10:24 p.m.
  • Length: 11:53

All games in this series

Show
View Real Time Build Order
Export as new Build Order

RayReign Protoss - Winner!

Build Orders: Dark Templar Rush 

Get SALT Encoding   

  12  0:00  Probe (Chrono Boost)  
  13  0:10  Probe (Chrono Boost)  
  14  0:19  Pylon  
  14  0:21  Probe (Chrono Boost)  
  15  0:36  Probe (Chrono Boost)  
  15  0:37  Gateway  
  16  0:46  Probe (Chrono Boost)  
  16  0:48  Assimilator  
  17  0:52  Assimilator  
  17  0:56  Probe (Chrono Boost)  
  18  1:06  Pylon  
  18  1:07  Probe (Chrono Boost)  
  19  1:17  Probe (Chrono Boost)  
  20  1:25  Cybernetics Core  
  20  1:27  Probe (Chrono Boost)  
  23  1:37  Probe (Chrono Boost)  
  24  1:47  Probe (Chrono Boost)  
  24  2:01  Mothership Core (Chrono Boost)  
  24  2:02  Warp Gate  
  24  2:03  Stalker  
  27  2:15  Twilight Council  
  27  2:19  Probe (Chrono Boost)  
  28  2:29  Probe (Chrono Boost)  
  29  2:41  Nexus  
  29  2:46  Stalker (Chrono Boost)  
  30  2:59  Dark Shrine  
  30  3:07  Probe  
  30  3:10  Pylon  
  31  3:21  Robotics Facility  
  31  3:30  Probe  
  32  3:44  Gateway  
  32  3:45  Probe  
  33  3:57  Probe  
  34  4:05  Gateway  
  34  4:08  Immortal (Chrono Boost)  
  34  4:09  Pylon  
  38  4:17  Dark Templar  
  40  4:26  Pylon  
  40  4:29  Pylon  
  40  4:40  Pylon  
  40  4:50  Immortal (Chrono Boost)  
  44  4:53  Blink (Chrono Boost)  
  44  5:13  Probe  
  45  5:16  Dark Templar  
  47  5:25  Probe  
  46  5:36  Nexus  
  46  5:37  Probe  
  46  5:40  Stalker  
  50  5:42  Observer  
  50  5:55  Stalker, Pylon  
  52  6:00  Stalker  
  52  6:02  Probe  
  55  6:06  Pylon  
  55  6:17  Probe  
  56  6:18  Pylon  
  56  6:24  Stalker  
  58  6:28  Stalker  
  58  6:30  Probe  
  59  6:42  Probe  
  60  6:49  Probe  
  61  6:54  Probe  
  61  6:57  Adept  
  61  6:59  Probe  
  65  7:02  Stalker  
  65  7:04  Stalker  
  65  7:06  Probe  
  70  7:12  Warp Prism  
  72  7:19  Pylon  
  74  7:28  Gateway  
  72  7:30  Gateway  
  72  7:42  Gateway  
  72  7:44  Gateway, Assimilator  
  72  7:48  Assimilator  
  72  7:56  Stalker  
  72  7:58  Stalker  
  76  8:02  Stalker  
  76  8:23  Adept x2  
  80  8:36  Pylon  
  80  8:44  Shield Upgrade (Chrono Boost)  
  80  8:46  Adept x4  
  88  8:58  Nexus  
  88  9:05  Adept  
  90  9:15  Probe  
  90  9:18  Probe  
  90  9:21  Robotics Bay  
  92  9:27  Pylon  
  92  9:28  Pylon  
  92  9:31  Adept  
  92  9:35  Adept  
  96  9:40  Adept  
  94  9:47  Adept  
  94  9:51  Adept  
  98  9:58  Sentry x3  
  104  10:06  Adept  
  106  10:15  Adept x2  
  106  10:17  Probe  
  111  10:28  Probe x2, Disruptor  
  111  10:30  Probe  
  117  10:37  Templar Archives  
  117  10:41  Forge  
  117  10:55  Adept x3  
  123  11:01  Adept x2  
  125  11:11  Disruptor  
  125  11:17  Adept x2  
  128  11:27  Adept x3  
  114  11:42  Adept x4  
Show
View Real Time Build Order
Export as new Build Order

SolaCe Protoss 

Build Orders: Blink Stalkers 

Get SALT Encoding   

  12  0:01  Probe (Chrono Boost)  
  13  0:11  Probe (Chrono Boost)  
  14  0:18  Pylon  
  14  0:22  Probe (Chrono Boost)  
  15  0:35  Probe (Chrono Boost)  
  15  0:37  Gateway  
  16  0:45  Probe (Chrono Boost)  
  16  0:48  Assimilator  
  17  0:51  Assimilator  
  17  0:55  Probe (Chrono Boost)  
  18  1:05  Probe (Chrono Boost)  
  18  1:09  Gateway  
  19  1:15  Probe (Chrono Boost)  
  20  1:22  Pylon  
  20  1:34  Cybernetics Core  
  20  1:36  Probe (Chrono Boost)  
  21  1:46  Probe (Chrono Boost)  
  22  1:56  Probe (Chrono Boost)  
  23  2:10  Stalker x2  
  23  2:12  Mothership Core (Chrono Boost)  
  23  2:14  Warp Gate (Chrono Boost)  
  29  2:23  Pylon  
  29  2:30  Probe (Chrono Boost)  
  30  2:37  Twilight Council  
  30  2:52  Stalker  
  30  2:55  Stalker  
  35  3:04  Gateway  
  34  3:06  Probe  
  34  3:10  Blink (Chrono Boost)  
  35  3:18  Probe  
  36  3:25  Pylon  
  36  3:32  Pylon  
  36  3:49  Gateway  
  36  4:11  Stalker x2, Robotics Facility  
  36  4:15  Stalker  
  42  4:37  Stalker x2  
  46  4:41  Stalker  
  46  4:45  Stalker  
  50  4:51  Pylon  
  51  5:02  Sentry  
  53  5:11  Pylon  
  53  5:13  Observer (Chrono Boost)  
  52  5:17  Pylon  
  52  5:20  Pylon  
  50  5:35  Probe  
  50  5:41  Observer (Chrono Boost)  
  51  5:49  Probe  
  52  6:06  Nexus  
  52  6:10  Probe  
  53  6:22  Probe, Pylon  
  54  6:40  Probe  
  54  6:42  Immortal (Chrono Boost)  
  60  6:54  Probe  
  60  6:56  Adept  
  62  7:03  Pylon  
  62  7:09  Pylon  
  62  7:11  Probe  
  62  7:12  Pylon  
  63  7:15  Robotics Bay  
  63  7:17  Probe  
  63  7:20  Observer (Chrono Boost)  
  65  7:28  Probe  
  66  7:33  Probe  
  67  7:40  Probe  
  67  7:42  Immortal (Chrono Boost)  
  67  7:43  Probe  
  73  7:52  Probe x2  
  75  8:02  Assimilator  
  75  8:03  Assimilator  
  75  8:05  Probe  
  74  8:14  Probe, Disruptor (Chrono Boost)  
  78  8:20  Charge  
  78  8:32  Adept x3  
  84  8:44  Pylon  
  84  8:47  Disruptor (Chrono Boost)  
  87  8:56  Adept x3  
  93  9:17  Adept x2, Disruptor (Chrono Boost)  
  93  9:18  Adept  
  102  9:25  Pylon  
  102  9:27  Pylon x2  
  102  9:50  Adept x3, Disruptor (Chrono Boost)  
  111  9:59  Gateway  
  111  10:03  Gateway  
  108  10:15  Adept  
  108  10:16  Adept x2  
  108  10:19  Disruptor (Chrono Boost)  
  117  10:36  Adept  
  117  10:37  Adept x2  
  117  10:42  Pylon  
  123  10:44  Pylon  
  123  10:57  Nexus  
  123  11:04  Pylon  
  123  11:05  Observer (Chrono Boost)  
  123  11:08  Adept x3  
Tags
 
Add a new tag
Caveats
  • Supply blocks, unpowered buildings, or Contaminate may cause inaccurate times.
  • Supply counts are checked every 10 seconds.